 Dungeon Crawl Stone Soup version 0.30-a0-857-gcaf70739d4 (webtiles) character file.

Game seed: 17446494587649363

4 Rocko1345 the Grave Robber (level 1, -1/13 HPs)
             Began as a Demonspawn Necromancer on Mar 6, 2023.
             Slain by a jackal (3 damage)
             ... on level 2 of the Dungeon.
             The game lasted 00:00:56 (227 turns).

Rocko1345 the Grave Robber (Demonspawn Necromancer)  Turns: 227, Time: 00:00:56

Health: -1/13      AC:  2    Str:  8    XL:     1   Next: 50%
Magic:  1/3        EV: 12    Int: 16    God:
Gold:   16         SH:  0    Dex: 13    Spells: 3/4 levels left

rFire   . . .      SeeInvis .    d - +0 short sword
rCold   . . .      Faith    .    (no shield)
rNeg    . . .      Spirit   .    a - +0 robe
rPois   .          Reflect  .    (no helmet)
rElec   .          Rampage  .    (no cloak)
rCorr   .                        (no gloves)
Will    .....                    (no boots)
Stlth   ++                       (no amulet)
HPRegen 0.22/turn                (no ring)
MPRegen 0.08/turn                (no ring)

@: no status effects
A: no striking features
a: no special abilities


You were on level 2 of the Dungeon.
You visited 1 branch of the dungeon, and saw 2 of its levels.

You collected 16 gold pieces.

Inventory:

Hand Weapons
 d - a +0 short sword (weapon)
Armour
 a - a +0 robe (worn)
Scrolls
 c - a scroll of teleportation {unknown}
 e - a scroll of identify {unknown}
Potions
 b - a potion of magic


   Skills:
 + Level 1.7 Dodging
 + Level 1.7 Stealth
 + Level 2.0 Spellcasting
 + Level 4.6 Necromancy


You had 3 spell levels left.
You knew the following spells:

 Your Spells              Type           Power      Damage    Failure   Level
a - Necrotise             Necr           64%        1d7       3%          1

Your spell library contained the following spells:

 Spells                   Type           Power      Damage    Failure   Level
 Vampiric Draining        Necr           16%        2d7       10%         3
 Animate Dead             Necr           16%        N/A       30%         4
 Agony                    Necr           16%        N/A       65%         5


Dungeon Overview and Level Annotations

Branches:
Dungeon (2/15)

Altars:


Message History

The quokka twitches its whiskers.
The jackal bites you. The jackal misses you.
Really attack while wielding nothing? [Y]es or [N]o only, please.
Really attack while wielding nothing? [Y]es or [N]o only, please.
Really attack while wielding nothing?
Okay, then.
d - a +0 short sword (weapon)
You closely miss the jackal. The jackal closely misses you.
The jackal bites you. The quokka barely misses you.
Your jackal skeleton bites the endoplasm.
The jackal bites you.
* * * LOW HITPOINT WARNING * * *
The jackal barely misses you. The jackal closely misses you.
The jackal barely misses you.
Your jackal skeleton bites the endoplasm but does no damage.
There is a stone staircase leading down here.
The jackal barely misses you. The jackal bites you.
* * * LOW HITPOINT WARNING * * *
Your jackal skeleton bites the endoplasm.
The quokka closely misses you. The jackal bites your jackal skeleton.
The jackal misses you.
The jackal bites you but does no damage.
You climb downwards.
There is a stone staircase leading up here.
You hit the jackal.
The jackal is moderately wounded.
The jackal closely misses you. The jackal barely misses you.
You closely miss the jackal.
The jackal is moderately wounded.
The jackal closely misses you. The jackal barely misses you.
You barely miss the jackal.
The jackal is moderately wounded.
The jackal closely misses you. The jackal misses you.
The jackal closely misses you. x2
You closely miss the jackal.
The jackal is moderately wounded.
The jackal bites you.
You die...

## ..
#.###.#####
.....rh@h.#
......###.#
..### #


You could see a quokka and 2 jackals.

Vanquished Creatures
  An endoplasm (D:1)
  A jackal (D:1)
  A kobold (D:1)
  A rat (D:1)
4 creatures vanquished.

Notes
Turn   | Place    | Note
-------+----------+-------------------------------------------
     0 | D:1      | Rocko1345 the Demonspawn Necromancer began the quest for
                  | the Orb.
     0 | D:1      | Reached XP level 1. HP: 13/13 MP: 3/3
   227 | D:2      | Slain by a jackal

Illustrated notes

Levels and vault maps discovered:
D:1:      lightli_arrival_chessboard, layout_basic, nicolae_grassy_gnolls
D:2:      layout_loops_ring, basic_altar

Action                     || total
---------------------------++-------
  Melee: Short sword       ||     5
   Cast: Necrotise         ||     8
 Armour: Robe              ||     4
  Dodge: Dodged            ||    27

Table legend: (Time is in decaauts)
 A = Elapsed time spent in this place.
 B = Non-inter-level travel time spent in this place.
 C = Inter-level travel time spent in this place.
 D = Time resting spent in this place.
 E = Time spent auto-exploring this place.
 F = Levels seen in this place.
 G = Mean time per level.
                   A        B        C        D        E       F      G
               +--------+--------+--------+--------+--------+-----+--------+
         Total |    226 |    226 |      0 |      0 |    177 |   2 |  113.0 |
       Dungeon |    226 |    226 |      0 |      0 |    177 |   2 |  113.0 |
               +--------+--------+--------+--------+--------+-----+--------+

Top non-repeatable levels by time:
     D:1: 222 daAuts
     D:2: 3 daAuts
